 Dungeon Crawl Stone Soup version 0.28-a0-1513-ge4f4046303 (webtiles) character file.

Game seed: 11516033660804543775

48 Destapler the Digger (level 3, 0/28 HPs)
             Began as a Ghoul Earth Elementalist on Jan 16, 2022.
             Was a Follower of Cheibriados.
             Slain by a gnoll (6 damage)
             ... on level 2 of the Dungeon.
             The game lasted 00:06:06 (2008 turns).

Destapler the Digger (Ghoul Earth Elementalist)     Turns: 2008, Time: 00:06:07

Health: 0/28       AC:  2    Str: 14    XL:     3   Next: 72%
Magic:  14/14      EV: 27    Int: 15    God:    Cheibriados [*.....]
Gold:   67         SH:  0    Dex: 12    Spells: 2/6 levels left

rFire   . . .      SeeInvis .   (no weapon)
rCold   + . .      Faith    .   (no shield)
rNeg    + + +      Spirit   .   b - +0 robe
rPois   ∞          Reflect  .   (no helmet)
rElec   .          Harm     .   (no cloak)
rCorr   .          Rampage  .   (no gloves)
Will    .....                   (no boots)
Stlth   ++........              d - amulet of the acrobat
HPRegen 0.00/turn               f - ring of magical power
MPRegen 0.14/turn               (no ring)

@: acrobatic, inhibited regen, very slow
A: claws 1, cold resistance 1, negative energy resistance 3, inhibited
regeneration, torment resistance 2
a: Renounce Religion, Bend Time


You were on level 2 of the Dungeon.
You worshipped Cheibriados.
Cheibriados was aware of your devotion.
You visited 1 branch of the dungeon, and saw 2 of its levels.

You collected 67 gold pieces.

Inventory:

Missiles
 c - 69 stones
Armour
 b - a +0 robe (worn)
Jewellery
 d - an amulet of the acrobat (around neck)
 e - a ring of fire
 f - a ring of magical power (left claw)
Scrolls
 g - 2 scrolls of magic mapping {unknown}
 i - a scroll of blinking {unknown}
 j - a scroll of summoning {unknown}
Potions
 a - 2 potions of curing {unknown}
 h - a potion of flight {unknown}


   Skills:
 + Level 1.0 Fighting
 + Level 0.6 Armour
 - Level 2.0 Dodging
 + Level 2.5 Stealth
 + Level 0.6 Shields
 + Level 0.6 Unarmed Combat
 - Level 2.0 Spellcasting
 + Level 1.3 Transmutations
 + Level 3.4 Earth Magic
 + Level 0.7 Invocations


You had 2 spell levels left.
You knew the following spells:

 Your Spells              Type           Power      Damage    Failure   Level
a - Sandblast             Erth           22%        2d7       5%          1
b - Stone Arrow           Conj/Erth      12%        3d7       32%         3

Your spell library contained the following spells:

 Spells                   Type           Power      Damage    Failure   Level
 Passwall                 Tmut/Erth      6%         N/A       13%         2
 Petrify                  Tmut/Erth      8%         N/A       63%         4


Dungeon Overview and Level Annotations

Branches:
Dungeon (2/15)

Altars:
Cheibriados

Shops:
D:2 =


Innate Abilities, Weirdness & Mutations

You thrive by killing the living.
You are immune to poison.
You have sharp fingernails.
Your flesh is cold resistant. (rC+)
You are immune to negative energy. (rN+++)
You do not regenerate when monsters are visible.
You are immune to unholy pain and torment.


Message History

c - 69 stones (gained 2)
Things that are here:
a +0 club; a kobold corpse As you open the door, it creaks loudly!
There is an open door here.
You now have 67 gold pieces (gained 10).
You open the door.
There is an open door here.
You open the door. You open the door.
There is an open door here.
There is an open door here.
There is an open door here.
A gnoll comes into view. It is wielding a +0 halberd.
You can't see any susceptible monsters within range! (Use Z to cast anyway.) 2 gnolls come into view.
The gnoll moves out of view.
A gnoll comes into view. It is wielding a +0 whip.
The gnoll shouts! x3
The gnoll barely misses you. The gnoll completely misses you.
The gnoll hits you from afar with a +0 halberd.
The gnoll misses you. The gnoll closely misses you. The gnoll misses you.
The gnoll completely misses you. The gnoll completely misses you.
The gnoll misses you. The gnoll barely misses you. The gnoll misses you.
The gnoll hits you from afar with a +0 halberd!
The gnoll misses you.
There is an open door here.
The gnoll hits you from afar with a +0 halberd!
* * * LOW HITPOINT WARNING * * *
The gnoll misses you. The gnoll completely misses you.
The gnoll completely misses you. The gnoll completely misses you.
The gnoll completely misses you. The gnoll closely misses you.
The gnoll hits you from afar with a +0 halberd.
You die...

#.. #.# #.. #.# ...#.#
#.#.####### #....g.....
#########.#######
#...g.gg..#<....#
#.#############.#
#.#......gggg@..##
#.#.##...........# ##
#g#.##.#########.# .#
#.#.##.# #.# .#
#g#g##.# #####.# .#
#.#g##.# #.....# .#
#g#g##.#####.#####.# .#
#g#.##.............#
.###'#.##..####.#######


You could see 4 gnolls.

Vanquished Creatures
  An adder (D:2)
  4 ball pythons
  4 bats
  3 endoplasms
  6 goblins
  3 hobgoblins
  3 kobolds
  2 quokkas (D:2)
  2 frilled lizards (D:1)
  6 rats
34 creatures vanquished.

Notes
Turn   | Place    | Note
-------+----------+-------------------------------------------
     0 | D:1      | Destapler the Ghoul Earth Elementalist began the quest for
                  | the Orb.
     0 | D:1      | Reached XP level 1. HP: 14/14 MP: 2/2
   204 | D:1      | Reached skill level 1 in Transmutations
   219 | D:1      | Reached XP level 2. HP: 19/20 MP: 0/3
   829 | D:1      | Found a faded altar of an unknown god.
   840 | D:1      | Prayed at the altar of an unknown god.
   840 | D:1      | Became a worshipper of Cheibriados the Contemplative
   840 | D:1      | Reached * piety under Cheibriados
  1181 | D:2      | Reached XP level 3. HP: 23/27 MP: 3/5
  1666 | D:2      | Found Toirut's Jewellery Shop.
  1679 | D:2      | Learned a level 3 spell: Stone Arrow
  1814 | D:2      | Reached skill level 1 in Fighting
  2008 | D:2      | Slain by a gnoll

Illustrated notes

Levels and vault maps discovered:
D:1:      psy_arrival_fountain, layout_loops_ring, ebering_ecumenical_altar_box,
          minmay_misc_feat_doors
D:2:      layout_basic, serial_shops, nicolae_shop_trees,
          minmay_misc_feat_columns

Skill      XL: |  1  2  3 |
---------------+----------+-----
Transmutations | 1 |  1.3
Spellcasting   | 2 |  2.0
Dodging        | 2 |  2.0
Fighting       | 1 |  1.0
Armour         | |  0.6
Stealth        | |  2.5
Shields        | |  0.6
Unarmed Combat | |  0.6
Earth Magic    | |  3.4
Invocations    | |  0.7

Action                   || total
-------------------------++-------
Melee: Unarmed           ||    59
       Punch             ||     1
 Cast: Sandblast         ||    26
 Stab: Sleeping          ||     6
Armor: Robe              ||    10
Dodge: Dodged            ||    62

Table legend: (Time is in decaauts)
 A = Elapsed time spent in this place.
 B = Non-inter-level travel time spent in this place.
 C = Inter-level travel time spent in this place.
 D = Time resting spent in this place.
 E = Time spent auto-exploring this place.
 F = Levels seen in this place.
 G = Mean time per level.
                   A        B        C        D        E       F      G
               +--------+--------+--------+--------+--------+-----+--------+
         Total |   2276 |   2233 |     43 |    208 |   1720 |   2 | 1138.0 |
       Dungeon |   2276 |   2233 |     43 |    208 |   1720 |   2 | 1138.0 |
               +--------+--------+--------+--------+--------+-----+--------+

Top non-repeatable levels by time:
     D:1: 1203 daAuts
     D:2: 1073 daAuts
